[Event "Titled Tuesday Blitz May 24 Late 2022"]
[White "Maltsevskaya, Aleksandra"]
[Black "Kaasen, Tor Fredrik"]
[WhiteFideId "24174041"]
[BlackFideId "1516647"]
[WhiteElo "2235"]
[BlackElo "2335"]
[Result "1/2-1/2"]
[Round "04"]
[TimeControl "180+1"]
[Date "2022.05.24"]
[WhiteClock "0:00:07"]
[BlackClock "0:00:14"]

1. Nf3 Nf6 2. d3 d5 3. Nbd2 c5 4. g3 Nc6 5. Bg2 g6 6. O-O Bg7 7. e4 O-O 8. exd5 Nxd5 9. Re1 Re8 10. Nc4 b6 11. a4 Bb7 12. a5 Rb8 13. axb6 axb6 14. c3 Qc7 15. Qb3 e6 16. h4 h6 17. Nfd2 Ba8 18. Na3 Na5 19. Qc2 Red8 20. Nb5 Qd7 21. Na3 Ne7 22. Bxa8 Rxa8 23. Nac4 Nxc4 24. Rxa8 Rxa8 25. Nxc4 Qc6 26. Qb3 b5 27. Ne5 Qb7 28. Bf4 Nd5 29. Bd2 Qc7 30. Ng4 h5 31. Ne3 Nxe3 32. Bxe3 Qc6 33. Bg5 Kh7 34. Qd1 Qd5 35. Qe2 Ra2 36. Rc1 Qb3 37. Rc2 Bxc3 38. Be3 Ra1+ 39. Kg2 Qd5+ 40. f3 Bd4 41. Bxd4 cxd4 42. Rc7 Kg7 43. Qd2 Ra2 44. Rc2 Qb3 45. Kh3 b4 46. Kg2 Ra1 47. Qf2 Qxd3 48. Rd2 Qe3 49. Rxd4 Qxf2+ 50. Kxf2 Ra4 51. Ke3 Kf6 52. b3 Ra1 53. Rxb4 Rg1 54. Kf2 Rc1 55. g4 hxg4 56. fxg4 e5 57. Rb6+ Ke7 58. Kf3 f5 59. gxf5 gxf5 60. h5 Rc3+ 61. Ke2 Kf7 62. h6 f4 63. b4 e4 64. Rd6 Rc2+ 65. Kd1 Rh2 66. Rd4 Rxh6 67. Rxe4 Rb6 68. Rxf4+ Ke6 69. Kc2 Kd5 70. Kb3 Kc6 71. Kc4 Kb7 72. b5 Re6 73. Kd5 Rh6 74. Kc5 Rh5+ 75. Kb4 Rh7 76. Ka5 Rd7 77. Rc4 Rd8 78. Rc6 Kb8 79. Kb6 Rg8 80. Rf6 Rh8 81. Kc6 Rg8 82. b6 Rh8 83. Rf7 Rg8 84. Rb7+ Ka8 85. Ra7+ Kb8 86. Rb7+ Ka8 87. Rf7 Kb8 88. Kb5 Ka8 89. Ka6 Kb8 90. Rb7+ Ka8 91. Ra7+ Kb8 92. Re7 Ka8 93. Rb7 Rf8 94. Ra7+ Kb8 95. Rg7 Re8 96. Rf7 Rd8 97. Re7 Rf8 98. Rh7 Rg8 99. Rd7 Rf8 100. Rb7+ Ka8 101. Ra7+ Kb8 102. Rg7 Re8 103. Rd7 Rf8 104. Re7 Rg8 105. Rd7 Rf8 1/2-1/2


[Site "https://www.chess.com"]

[Event "Titled Tuesday Blitz May 24 Late 2022"]
[White "Manukyan, Sargis A."]
[Black "Stanisz, Patryk"]
[WhiteFideId "13303970"]
[BlackFideId "1123106"]
[WhiteElo "2187"]
[BlackElo "1833"]
[Result "1-0"]
[Round "04"]
[TimeControl "180+1"]
[Date "2022.05.25"]
[WhiteClock "0:01:07"]
[BlackClock "0:00:02"]

1. d4 d5 2. e3 Nf6 3. Nf3 c5 4. Be2 Nc6 5. O-O Bg4 6. b3 e6 7. dxc5 Bxc5 8. Bb2 O-O 9. Nbd2 Be7 10. c4 dxc4 11. Nxc4 Qxd1 12. Rfxd1 Rfd8 13. h3 Bh5 14. Rxd8+ Rxd8 15. Rd1 Rxd1+ 16. Bxd1 Ne4 17. g4 Bg6 18. Nfe5 Nxe5 19. Bxe5 b5 20. Na5 Bf6 21. Bxf6 gxf6 22. Nc6 Nc3 23. Bf3 a6 24. a3 Bc2 25. Nb8 a5 26. b4 axb4 27. axb4 Na2 28. Na6 Bd3 29. Bb7 Kf8 30. f3 Ke7 31. Kf2 Kd6 32. Ke1 h6 33. Kd2 Bf1 34. h4 Bc4 35. f4 Bd5 36. Bxd5 Kxd5 37. Kd3 Nc1+ 38. Kc2 Ne2 39. Kd2 Ng1 40. Kd3 Nf3 41. e4+ Kd6 42. h5 Nh2 43. g5 fxg5 44. fxg5 Ng4 45. gxh6 Nxh6 46. Nc5 f5 47. Kd4 e5+ 48. Ke3 f4+ 49. Kf3 Ke7 50. Na6 Kd6 51. Kf2 Kc6 52. Kg2 Kd6 53. Nc5 Kc6 54. Nd3 Kd6 55. Kh3 Ke6 56. Kh4 Kf6 57. Nf2 Nf7 58. Ng4+ Kg7 59. Nh2 Kh6 60. Nf3 Kg7 61. Kg4 Kh6 62. Kf5 Nd6+ 63. Kxe5 Nc4+ 64. Kxf4 Nb2 65. e5 Nd3+ 66. Kf5 Nxb4 67. e6 Nd5 68. Ke5 Ne7 69. Nd4 b4 70. Kd6 Ng8 71. Kd7 Kxh5 72. Ke8 Kg6 73. Kf8 Nf6 74. e7 Kg5 75. Nb3 Kf4 76. Kf7 Ke5 77. Nd2 1-0


[Site "https://www.chess.com"]

[Event "Titled Tuesday Blitz May 24 Late 2022"]
[White "Marin Ramirez, Gerardo"]
[Black "Diaz, Fernando"]
[WhiteFideId "3901068"]
[BlackFideId "3701255"]
[WhiteElo "1920"]
[BlackElo "1934"]
[Result "1-0"]
[Round "04"]
[TimeControl "180+1"]
[Date "2022.05.25"]
[WhiteClock "0:00:20"]
[BlackClock "0:00:46"]

1. d4 e5 2. dxe5 d6 3. Nf3 Nc6 4. Bg5 f6 5. exf6 gxf6 6. Bh4 Bg4 7. Nc3 Qd7 8. e3 O-O-O 9. Be2 Nh6 10. Bxf6 Be7 11. Bxh8 Rxh8 12. Nd5 Bd8 13. Qd2 Nf5 14. O-O-O a6 15. Kb1 Kb8 16. h3 Bxf3 17. Bxf3 Ne5 18. Be2 Rf8 19. f4 Nc6 20. Bg4 h5 21. Bxf5 Qxf5 22. Rhe1 Bh4 23. Re2 Qe4 24. Qd3 Qe6 25. Qh7 Rf5 26. Qxc7+ Ka7 27. Qb6+ Kb8 28. Nc7 Qc8 29. Nxa6+ Ka8 30. Nc7+ Kb8 31. Nb5 Bd8 32. Nxd6 Bxb6 33. Nxc8 Kxc8 34. g4 hxg4 35. hxg4 Rb5 36. c4 Rb4 37. b3 Na5 38. Kc2 Bd8 39. e4 Rb6 40. e5 Nc6 41. f5 Ra6 42. Kb1 Ne7 43. f6 Ng6 44. g5 Nf4 45. Re4 Ng6 46. e6 1-0


[Site "https://www.chess.com"]

[Event "Titled Tuesday Blitz May 24 Late 2022"]
[White "Martin Carmona, Gaston Manuel"]
[Black "Olafsson, Helgi"]
[WhiteFideId "22284567"]
[BlackFideId "2300010"]
[WhiteElo "2162"]
[BlackElo "2463"]
[Result "0-1"]
[Round "04"]
[TimeControl "180+1"]
[Date "2022.05.25"]
[WhiteClock "0:00:59"]
[BlackClock "0:00:51"]

1. d4 Nf6 2. c4 e6 3. Nc3 Bb4 4. Qc2 c5 5. dxc5 O-O 6. Nf3 Nc6 7. a3 Bxc5 8. b4 Be7 9. e3 b6 10. Be2 Bb7 11. O-O Rc8 12. Bb2 a5 13. b5 Nb8 14. Qb3 d6 15. Na4 Nbd7 16. Rfd1 Ne4 17. Rac1 Qc7 18. Bd4 Rfe8 19. Qb2 Bf8 20. Bd3 e5 21. Bxe4 Bxe4 22. Bc3 Bxf3 23. gxf3 Qxc4 24. Qc2 Qe6 25. Qd3 g6 26. Nb2 Nc5 27. Qe2 d5 28. Nd3 Nxd3 29. Qxd3 Bxa3 30. Rc2 Bf8 31. Rcd2 Rc5 32. Bb2 Qd7 33. f4 Qxb5 34. Qxb5 Rxb5 35. Bxe5 a4 36. Rxd5 Rxd5 37. Rxd5 a3 38. Rd2 b5 0-1


[Site "https://www.chess.com"]

[Event "Titled Tuesday Blitz May 24 Late 2022"]
[White "Melikyan, Gnel"]
[Black "Vajda, Levente"]
[WhiteFideId "54109990"]
[BlackFideId "1203975"]
[WhiteElo "1772"]
[BlackElo "2573"]
[Result "0-1"]
[Round "04"]
[TimeControl "180+1"]
[Date "2022.05.24"]
[WhiteClock "0:00:51"]
[BlackClock "0:00:57"]

1. e4 c5 2. Nf3 d6 3. d4 cxd4 4. Nxd4 Nf6 5. Nc3 a6 6. Be3 e5 7. Nf3 Be6 8. Be2 Nbd7 9. O-O Rc8 10. Ng5 Bc4 11. Bxc4 Rxc4 12. Qd3 Rc8 13. Nd5 h6 14. Nxf6+ Nxf6 15. Nf3 Qc7 16. c3 Be7 17. Nd2 O-O 18. f3 Qc6 19. Rfd1 Rfd8 20. Qe2 d5 21. exd5 Nxd5 22. Kh1 Nxe3 23. Qxe3 Bg5 24. Qe2 f5 25. Nb3 Qb5 26. Qc2 g6 27. Rxd8+ Rxd8 28. Rd1 Rd5 29. Nc1 Rd2 30. c4 Rxc2 0-1


[Site "https://www.chess.com"]

[Event "Titled Tuesday Blitz May 24 Late 2022"]
[White "Mikhalsky, Vladimir"]
[Black "Lutz, Igor Oscar"]
[WhiteFideId "14144352"]
[BlackFideId "2110806"]
[WhiteElo "2301"]
[BlackElo "1741"]
[Result "1-0"]
[Round "04"]
[TimeControl "180+1"]
[Date "2022.05.25"]
[WhiteClock "0:00:53"]
[BlackClock "0:00:15"]

1. d4 d5 2. c4 c6 3. Nf3 Nf6 4. Nc3 e6 5. e3 Be7 6. Qc2 Nbd7 7. g4 h6 8. h4 Nxg4 9. Rg1 h5 10. Bh3 Ndf6 11. Ne5 Nxe5 12. dxe5 Ng4 13. Bxg4 hxg4 14. Rxg4 Rxh4 15. Rxg7 Rh1+ 16. Ke2 dxc4 17. Rg8+ Bf8 18. Ne4 Qh4 19. Nf6+ Ke7 20. Bd2 b6 21. Rxh1 Qxh1 22. Qxc4 Bb7 23. Bb4+ c5 24. Bxc5+ bxc5 25. Qxc5+ Kd8 26. Rxf8# 1-0


[Site "https://www.chess.com"]

[Event "Titled Tuesday Blitz May 24 Late 2022"]
[White "Moral Garcia, Serafin"]
[Black "Carrasco Miranda, Andres"]
[WhiteFideId "2201925"]
[BlackFideId "3405990"]
[WhiteElo "2228"]
[BlackElo "2177"]
[Result "1-0"]
[Round "04"]
[TimeControl "180+1"]
[Date "2022.05.25"]
[WhiteClock "0:00:57"]
[BlackClock "0:00:06"]

1. e4 c5 2. Nf3 d6 3. d4 cxd4 4. Nxd4 Nf6 5. Nc3 a6 6. Be3 e5 7. Nf3 Be7 8. Bc4 Be6 9. Bb3 Qc7 10. O-O b5 11. Nh4 b4 12. Nd5 Nxd5 13. Bxd5 Bxd5 14. Qxd5 Qc6 15. Nf5 Qxd5 16. exd5 g6 17. Nxe7 Kxe7 18. a3 bxa3 19. Rxa3 f5 20. c4 f4 21. Bd2 Nd7 22. Rfa1 Rhb8 23. Bc3 Nc5 24. f3 h5 25. Kf1 g5 26. Ke2 g4 27. b4 gxf3+ 28. gxf3 Nd7 29. Rxa6 Rxa6 30. Rxa6 Rg8 31. Kf1 Rc8 32. Rc6 Rxc6 33. dxc6 Nb6 34. c5 Nd5 35. Bd2 dxc5 36. bxc5 Ke6 37. Kg2 Ne7 38. c7 Kd5 39. Kh3 Kxc5 40. Kh4 Kd4 41. Kxh5 Kd3 42. Bb4 Nc8 43. Kg4 Ke2 44. h4 e4 45. fxe4 f3 46. Bc5 Nd6 47. h5 Nxe4 48. c8=Q Nf6+ 49. Kh4 Ne4 50. Qe6 Kd3 51. Bb6 1-0


[Site "https://www.chess.com"]

[Event "Titled Tuesday Blitz May 24 Late 2022"]
[White "Motylev, Alexander"]
[Black "Meunier-Pion, Jean"]
[WhiteFideId "4121830"]
[BlackFideId "20685327"]
[WhiteElo "2470"]
[BlackElo "2124"]
[Result "0-1"]
[Round "04"]
[TimeControl "180+1"]
[Date "2022.05.25"]
[WhiteClock "0:00:03"]
[BlackClock "0:00:08"]

1. e4 c5 2. Nc3 d6 3. f4 g6 4. Nf3 Bg7 5. Bb5+ Bd7 6. Bc4 Nc6 7. O-O e6 8. f5 Nge7 9. Ng5 gxf5 10. e5 Nxe5 11. Be2 h6 12. Nh3 N7g6 13. Kh1 Bc6 14. d4 cxd4 15. Qxd4 Rg8 16. Qf2 Nh4 17. Nf4 Bf6 18. Rg1 Qb6 19. Qe1 Bg5 20. Bh5 Bxf4 21. Qxh4 Bg5 22. Qh3 Bxc1 23. Raxc1 Qxb2 24. Ne2 O-O-O 25. Rb1 Qxc2 26. Rbc1 Nd3 27. Qe3 Nxc1 28. Rxc1 Qe4 29. Qxe4 fxe4 30. Bxf7 Rge8 31. Nd4 Kd7 32. Bxe8+ Rxe8 33. Kg1 Rf8 34. Rc3 e5 35. Nb3 b6 36. Rh3 Rf6 37. Rg3 Bb5 38. h3 Kc6 39. Rc3+ Kd5 40. Rg3 a5 41. Nd2 Bd3 42. Nb3 Kc4 43. Nd2+ Kd4 44. Nb3+ Kc3 45. Rg8 d5 46. Rc8+ Kb2 47. Nd2 Kxa2 48. Rd8 d4 49. Rd5 e3 50. Nf3 Be4 51. Rxe5 Bxf3 52. gxf3 Rxf3 53. Rd5 Rf4 54. Kg2 Rf2+ 55. Kg3 Rd2 56. Kf3 Ka3 57. Rb5 Rb2 58. Rd5 Rb4 59. Ke2 Kb3 60. Kd3 a4 61. Re5 a3 62. Rf5 a2 63. Rf1 Kb2 0-1


[Site "https://www.chess.com"]

[Event "Titled Tuesday Blitz May 24 Late 2022"]
[White "Munoz, Francisco Javier"]
[Black "Boder, Jan"]
[WhiteFideId "128368"]
[BlackFideId "16243226"]
[WhiteElo "2383"]
[BlackElo "2064"]
[Result "0-1"]
[Round "04"]
[TimeControl "180+1"]
[Date "2022.05.25"]
[WhiteClock "0:01:39"]
[BlackClock "0:00:56"]

1. e4 c5 2. Nc3 g6 3. b3 Bg7 4. Bb2 Nc6 5. Qf3 Nd4 6. Qd3 b6 7. O-O-O a5 8. a4 Ba6 9. Nb5 Bxb5 10. axb5 a4 11. bxa4 Rxa4 12. Nf3 Qa8 13. Qc3 Nb3+ 14. cxb3 Bxc3 15. dxc3 Ra1+ 16. Bxa1 Qxa1+ 17. Kc2 Qa2+ 18. Kd3 Qxb3 19. Be2 Nf6 20. Nd2 Qxb5+ 21. Ke3 Qc6 22. c4 O-O 23. f3 Ra8 24. Ra1 Rxa1 25. Rxa1 Qd6 26. Ra8+ Kg7 27. Bd3 Qxh2 28. g4 Qg1+ 29. Ke2 d6 30. Rb8 Nd7 31. Rb7 Ne5 32. Bc2 Qg2+ 33. Kd1 Nxf3 34. Nxf3 Qxf3+ 35. Kc1 Qxg4 36. Rxe7 Qg5+ 0-1


[Site "https://www.chess.com"]

[Event "Titled Tuesday Blitz May 24 Late 2022"]
[White "Nakamura, Hikaru"]
[Black "Kamsky, Gata"]
[WhiteFideId "2016192"]
[BlackFideId "2000024"]
[WhiteElo "2850"]
[BlackElo "2645"]
[Result "1-0"]
[Round "04"]
[TimeControl "180+1"]
[Date "2022.05.24"]
[WhiteClock "0:01:14"]
[BlackClock "0:00:15"]

1. e4 e5 2. Nf3 Nc6 3. Bb5 Nf6 4. d3 d6 5. c3 g6 6. Nbd2 Bg7 7. O-O O-O 8. Re1 Bd7 9. Nf1 Na5 10. Bxd7 Qxd7 11. d4 Nc6 12. Ng3 Rfe8 13. d5 Na5 14. Qd3 b5 15. b3 c6 16. Bg5 c5 17. c4 bxc4 18. bxc4 Qa4 19. Rec1 Rab8 20. Bd2 Rec8 21. Rc3 Nb7 22. Ra3 Qd7 23. Rxa7 Ra8 24. Qa3 Rxa7 25. Qxa7 Nd8 26. Qa6 Rb8 27. Ba5 Ne8 28. Ne2 Nc7 29. Bxc7 Qxc7 30. Nc3 Rb6 31. Qa8 Rb8 32. Qa4 f5 33. h3 h6 34. Qc2 Qd7 35. a4 f4 36. a5 g5 37. Qa4 Qxa4 38. Rxa4 1-0


[Site "https://www.chess.com"]

[Event "Titled Tuesday Blitz May 24 Late 2022"]
[White "Nazaretyan, Tigran"]
[Black "Stojanovski, Sandi"]
[WhiteFideId "24162345"]
[BlackFideId "1403249"]
[WhiteElo "2225"]
[BlackElo "2339"]
[Result "1-0"]
[Round "04"]
[TimeControl "180+1"]
[Date "2022.05.25"]
[WhiteClock "0:00:59"]
[BlackClock "0:00:02"]

1. d4 Nf6 2. c4 e6 3. Nf3 c5 4. e3 d5 5. a3 cxd4 6. exd4 Nc6 7. Nc3 a6 8. c5 Ne4 9. Bd3 f5 10. Ne2 Be7 11. b4 O-O 12. O-O Bf6 13. Bb2 Bd7 14. Nf4 Qc7 15. Nh5 Be8 16. Nxf6+ Rxf6 17. Ne5 Nxe5 18. dxe5 Rg6 19. f3 Ng5 20. Kh1 Bb5 21. Bxb5 axb5 22. a4 bxa4 23. Rxa4 Rf8 24. b5 Nf7 25. f4 Qd8 26. Ra7 Qh4 27. Rxb7 Rh6 28. h3 Rg6 29. Bd4 Nh6 30. Qe1 Qh5 31. c6 Ng4 32. Bc5 1-0


[Site "https://www.chess.com"]

[Event "Titled Tuesday Blitz May 24 Late 2022"]
[White "Nozdrachev, Leonid"]
[Black "Petrova, Irina"]
[WhiteFideId "24113433"]
[BlackFideId "14124122"]
[WhiteElo "2255"]
[BlackElo "1993"]
[Result "1-0"]
[Round "04"]
[TimeControl "180+1"]
[Date "2022.05.25"]
[WhiteClock "0:01:42"]
[BlackClock "0:01:15"]

1. e4 d6 2. d4 Nf6 3. f3 e5 4. dxe5 dxe5 5. Qxd8+ Kxd8 6. Bc4 Be6 7. Bxe6 fxe6 8. Nh3 h6 9. Nf2 Nbd7 10. Nd3 Bd6 11. Nd2 Ke7 12. a4 c6 13. b3 Rad8 14. Bb2 Nh5 15. Nc4 Nf4 16. Nxf4 exf4 17. Nxd6 Kxd6 18. Bxg7 Rhg8 19. O-O-O+ Kc7 20. Bxh6 Rxg2 21. Bxf4+ e5 22. Bg3 Rf8 23. Rd3 Rh8 24. Rhd1 Rh7 25. a5 Re7 26. R3d2 Rxd2 27. Kxd2 Nf8 28. Ke3 Ng6 29. h4 Rh7 30. Rh1 Kd6 31. h5 Ne7 32. h6 Ke6 33. f4 exf4+ 34. Bxf4 Ng6 35. Rh5 b6 36. a6 c5 37. c4 Kf6 38. Rd5 Ke7 39. Bg5+ Ke6 40. Rd8 Ne5 41. Re8+ Kd6 42. Bf4 1-0


[Site "https://www.chess.com"]

[Event "Titled Tuesday Blitz May 24 Late 2022"]
[White "Ohanyan, Emin"]
[Black "Remolar Gallen, Jose"]
[WhiteFideId "13312022"]
[BlackFideId "2215187"]
[WhiteElo "1927"]
[BlackElo "2205"]
[Result "1-0"]
[Round "04"]
[TimeControl "180+1"]
[Date "2022.05.25"]
[WhiteClock "0:00:47"]
[BlackClock "0:00:04"]

1. e4 c5 2. Nf3 d6 3. d4 cxd4 4. Nxd4 Nf6 5. Nc3 a6 6. Bc4 e6 7. Bb3 Nbd7 8. f4 Nc5 9. f5 Be7 10. fxe6 fxe6 11. O-O O-O 12. Nf5 Nxb3 13. Nxe7+ Qxe7 14. axb3 Bd7 15. Bg5 Bc6 16. Qd4 Rad8 17. e5 dxe5 18. Qxe5 Qd6 19. Rae1 Qxe5 20. Rxe5 Rd6 21. Bf4 Nd5 22. Nxd5 Rxd5 23. Rxd5 Bxd5 24. g3 b5 25. Ra1 Rc8 26. c3 Rc6 27. b4 h6 28. Kf2 Kf7 29. Ke3 g5 30. Be5 Kg6 31. Rf1 Rc4 32. Rf6+ Kh7 33. Rf7+ Kg6 34. Rf6+ Kh7 35. Kd3 Re4 36. Bd4 e5 37. Be3 Rg4 38. Rxa6 h5 39. Ke2 h4 40. Kf2 hxg3+ 41. hxg3 Rc4 42. Bxg5 Bc6 43. Bf6 Kg6 44. Bxe5 Kf5 45. Bd4 Ke4 46. b3 1-0


[Site "https://www.chess.com"]

[Event "Titled Tuesday Blitz May 24 Late 2022"]
[White "Onslow, Alfie"]
[Black "Jarocka, Liwia"]
[WhiteFideId "436976"]
[BlackFideId "21807558"]
[WhiteElo "1885"]
[BlackElo "1887"]
[Result "1/2-1/2"]
[Round "04"]
[TimeControl "180+1"]
[Date "2022.05.25"]
[WhiteClock "0:00:08"]
[BlackClock "0:01:15"]

1. Nf3 c6 2. c4 d5 3. g3 Nf6 4. Bg2 g6 5. O-O Bg7 6. b3 O-O 7. Bb2 b6 8. e3 Bb7 9. Qe2 Nbd7 10. Rd1 Rc8 11. d3 Re8 12. e4 e5 13. Nbd2 d4 14. h4 c5 15. Nh2 h5 16. Bh3 Rc7 17. Kh1 Nf8 18. Rg1 Bc8 19. Bxc8 Qxc8 20. f4 Ng4 21. Nxg4 Qxg4 22. Qxg4 hxg4 23. Raf1 Bh6 24. a3 Ne6 25. Bc1 exf4 26. gxf4 f5 27. Nb1 Kf7 28. e5 Ng7 29. Kg2 Nh5 30. Rf2 Rce7 31. b4 a5 32. b5 Re6 33. a4 Bf8 34. Na3 Be7 35. Rh1 Rh8 36. Nc2 Bd8 37. Ne1 Ree8 38. Nc2 Ng7 39. Kg3 Rh7 40. Rfh2 Reh8 41. Ne1 Nh5+ 42. Kg2 Be7 43. Nc2 Bf8 44. Na3 Bh6 45. Rf1 Ng7 46. Rfh1 Ne6 47. Kg3 Ke7 48. Nb1 Bg7 49. Nd2 Kf7 50. Nf1 Bf8 51. Kf2 Be7 52. Kg3 Ng7 53. Bd2 g5 54. hxg5 Rxh2 55. Rxh2 Rxh2 56. Nxh2 Kg6 57. Nf1 Nh5+ 58. Kg2 Ng7 59. Ng3 Ne6 60. Kf2 Ng7 61. Ke2 Ne6 62. Kf2 Ng7 63. Be1 Ne6 64. Bd2 1/2-1/2


[Site "https://www.chess.com"]

[Event "Titled Tuesday Blitz May 24 Late 2022"]
[White "Oparin, Grigoriy"]
[Black "Drygalov, Andrey"]
[WhiteFideId "24125890"]
[BlackFideId "24171735"]
[WhiteElo "2665"]
[BlackElo "2540"]
[Result "0-1"]
[Round "04"]
[TimeControl "180+1"]
[Date "2022.05.24"]
[WhiteClock "0:00:14"]
[BlackClock "0:00:31"]

1. d4 d5 2. c4 c6 3. Nf3 Nf6 4. g3 g6 5. Bg2 Bg7 6. Nbd2 O-O 7. b3 a5 8. Bb2 Bf5 9. O-O Ne4 10. e3 a4 11. Nxe4 Bxe4 12. Qe2 Nd7 13. Rfc1 Nf6 14. Bf1 Bf5 15. Ne5 Ne4 16. Ba3 Re8 17. f3 Nd6 18. cxd5 cxd5 19. Qb2 Be6 20. g4 f6 21. Nd3 Bf7 22. bxa4 Nc4 23. Qb3 Nxe3 24. Re1 Nxf1 25. Kxf1 e5 26. Bc5 e4 27. Nf2 f5 28. Kg2 Qh4 29. Rab1 h5 30. gxf5 gxf5 31. fxe4 dxe4 32. Qg3 Qxg3+ 33. hxg3 Rxa4 34. Re2 Rxa2 35. Rxa2 Bxa2 36. Re1 Rd8 37. Nh3 Bxd4 38. Bxd4 Rxd4 39. Nf4 b5 40. Re2 Bc4 41. Rb2 e3 42. Kf3 Rd2 43. Rb1 e2 44. Ra1 Rd1 45. Ra8+ Kf7 46. Ra7+ Ke8 47. Nxe2 Rf1+ 48. Ke3 Re1 49. Kf4 Rxe2 50. Kxf5 0-1


[Site "https://www.chess.com"]

[Event "Titled Tuesday Blitz May 24 Late 2022"]
[White "Papp, Levente"]
[Black "Silva, Pedro Gil Ferreira Da"]
[WhiteFideId "751243"]
[BlackFideId "1946102"]
[WhiteElo "2308"]
[BlackElo "1863"]
[Result "1-0"]
[Round "04"]
[TimeControl "180+1"]
[Date "2022.05.25"]
[WhiteClock "0:00:45"]
[BlackClock "0:00:18"]

1. Nf3 c5 2. g3 Nc6 3. Bg2 g6 4. O-O Bg7 5. c3 Nf6 6. d4 cxd4 7. cxd4 d5 8. Nc3 O-O 9. Ne5 Qb6 10. e3 Rd8 11. Qb3 Qxb3 12. axb3 Nb4 13. Ra4 Nc6 14. Bd2 Bf5 15. Rc1 Nxe5 16. dxe5 Nd7 17. Nxd5 Nxe5 18. Nxe7+ Kh8 19. Nxf5 Rxd2 20. Nxg7 Kxg7 21. Bxb7 Rb8 22. Rc7 Rxb2 23. Re4 Rxb3 24. Bd5 Rb1+ 25. Kg2 Re8 26. Bxf7 1-0


[Site "https://www.chess.com"]

[Event "Titled Tuesday Blitz May 24 Late 2022"]
[White "Paravyan, David"]
[Black "Steinberg, Nitzan"]
[WhiteFideId "4194985"]
[BlackFideId "2801795"]
[WhiteElo "2569"]
[BlackElo "2471"]
[Result "1-0"]
[Round "04"]
[TimeControl "180+1"]
[Date "2022.05.24"]
[WhiteClock "0:01:10"]
[BlackClock "0:00:53"]

1. e4 c5 2. Nf3 Nc6 3. Nc3 d6 4. d4 cxd4 5. Nxd4 Nf6 6. Bg5 g6 7. Bxf6 exf6 8. Bb5 Bd7 9. Nde2 Be6 10. Nd4 Bd7 11. Qd2 Bg7 12. O-O-O O-O 13. Nxc6 bxc6 14. Qxd6 cxb5 15. Qxd7 Qb6 16. Qd4 Qa5 17. Kb1 f5 18. e5 Rfd8 19. Nd5 Kh8 20. f4 Rd6 21. Qb4 Qxb4 22. Nxb4 Rxd1+ 23. Rxd1 Bf8 24. Nc6 a6 25. Rd7 Kg8 26. c3 Bc5 27. Nd4 h5 28. Kc2 h4 29. Kd3 Rc8 30. Nf3 h3 31. gxh3 Bf2 32. Ng5 Rc4 33. Ke2 Rxf4 34. e6 fxe6 35. Rd8+ 1-0


[Site "https://www.chess.com"]

[Event "Titled Tuesday Blitz May 24 Late 2022"]
[White "Peralta, Eduardo"]
[Black "Yuan, Qingyu"]
[WhiteFideId "3700062"]
[BlackFideId "8609772"]
[WhiteElo "2125"]
[BlackElo "2359"]
[Result "1-0"]
[Round "04"]
[TimeControl "180+1"]
[Date "2022.05.25"]
[WhiteClock "0:00:44"]
[BlackClock "0:00:21"]

1. Nf3 d5 2. g3 c5 3. Bg2 Nc6 4. O-O e5 5. d3 Be7 6. c4 Nf6 7. Nc3 d4 8. Na4 O-O 9. a3 a6 10. Bg5 Bd7 11. Bxf6 gxf6 12. Nh4 b5 13. cxb5 axb5 14. Nxc5 Bxc5 15. Rc1 Qb6 16. Qc2 Be7 17. Bxc6 Rac8 18. Bxd7 Rxc2 19. Rxc2 Rd8 20. Bc6 Rc8 21. Rfc1 Bf8 22. Nf5 h5 23. Bf3 Rxc2 24. Rxc2 Qe6 25. Be4 b4 26. axb4 Bxb4 27. Kg2 Bf8 28. Rc7 Qa6 29. Rb7 Bd6 30. b4 Bf8 31. b5 Qa2 32. b6 Qxe2 33. Rb8 h4 34. Nxh4 f5 35. Nxf5 Qc2 36. b7 Qb2 37. Rc8 Qb3 38. b8=Q Qa3 39. Ne7+ Qxe7 40. Rxf8+ Qxf8 41. Qxf8+ Kxf8 42. Bf5 f6 43. Kf3 Ke7 44. Kg4 Kd6 45. Kh4 e4 46. Bxe4 Kc5 47. Kg4 Kd6 48. Kf5 Ke7 49. h4 Kf7 50. h5 Kg7 51. g4 Kh6 52. f4 Kg7 53. Ke6 Kh6 54. Kd5 Kg7 55. Kxd4 Kh6 56. Kd5 Kg7 57. Ke6 Kh6 58. d4 Kg7 59. d5 f5 60. Bf3 fxg4 61. Bxg4 Kf8 62. d6 Ke8 63. h6 Kf8 64. h7 Kg7 65. h8=Q+ Kg6 66. Qf6+ Kh7 67. Bf5+ Kg8 68. Qd8+ Kg7 69. Qg5+ Kf8 70. Be4 Ke8 71. Qg8# 1-0


[Site "https://www.chess.com"]

[Event "Titled Tuesday Blitz May 24 Late 2022"]
[White "Petre, Nad-Titus"]
[Black "Tristan, Leonardo"]
[WhiteFideId "1204165"]
[BlackFideId "113816"]
[WhiteElo "2354"]
[BlackElo "2404"]
[Result "1-0"]
[Round "04"]
[TimeControl "180+1"]
[Date "2022.05.24"]
[WhiteClock "0:00:09"]
[BlackClock "0:00:04"]

1. d4 d5 2. Nf3 Nf6 3. Bf4 e6 4. e3 Bd6 5. Bg3 O-O 6. Nbd2 c5 7. c3 Qc7 8. Bd3 Nbd7 9. Bxd6 Qxd6 10. O-O e5 11. dxe5 Nxe5 12. Nxe5 Qxe5 13. Nf3 Qc7 14. h3 Re8 15. c4 dxc4 16. Bxc4 h6 17. Rc1 b6 18. b4 Ne4 19. bxc5 Nxc5 20. Bd5 Bb7 21. Bxb7 Qxb7 22. Nd4 Rac8 23. Qg4 Qe4 24. Nf5 Qxg4 25. hxg4 Rcd8 26. Rfd1 Kf8 27. Kf1 Ne6 28. f3 Rxd1+ 29. Rxd1 Rc8 30. Rd7 Rc1+ 31. Ke2 Rc2+ 32. Rd2 Rc7 33. Nd6 a6 34. f4 b5 35. Ne4 Ke7 36. f5 Ng5 37. Nxg5 hxg5 38. Kf3 Rc3 39. Ke4 Rc4+ 40. Kf3 a5 41. Rb2 b4 42. Rd2 Rc5 43. Ke4 Rb5 44. Kd4 Kd6 45. Kc4+ Kc6 46. Rd6+ Kxd6 47. Kxb5 Kd5 48. Kxa5 Kc4 49. e4 f6 50. Ka4 Kc3 51. Kb5 b3 52. axb3 Kxb3 53. Kc5 Kc3 54. Kd5 Kd3 55. Ke6 Kxe4 56. Kf7 Kf4 57. Kxg7 Kxg4 58. Kxf6 1-0


[Site "https://www.chess.com"]

[Event "Titled Tuesday Blitz May 24 Late 2022"]
[White "Petrovic, Aleksa"]
[Black "Roque Sola, Gisela"]
[WhiteFideId "967629"]
[BlackFideId "5120241"]
[WhiteElo "2144"]
[BlackElo "1863"]
[Result "1-0"]
[Round "04"]
[TimeControl "180+1"]
[Date "2022.05.25"]
[WhiteClock "0:00:06"]
[BlackClock "0:00:09"]

1. d4 e6 2. c4 Nf6 3. Nf3 d5 4. Nc3 Be7 5. Bf4 O-O 6. a3 c5 7. dxc5 Bxc5 8. e3 Nc6 9. cxd5 exd5 10. Bb5 h6 11. O-O Bg4 12. h3 Bh5 13. Rc1 Bd6 14. Nxd5 Nxd5 15. Qxd5 Bxf4 16. Bxc6 bxc6 17. Qxh5 Bd6 18. Rxc6 Be7 19. Ne5 Bf6 20. Rd1 Qa5 21. Rxf6 gxf6 22. Rd4 Qxe5 23. Qxh6 f5 24. Qg5+ Qg7 25. Qxf5 Rab8 26. Rg4 f6 27. Qd7 Qxg4 28. Qxg4+ Kf7 29. Qd7+ Kg6 30. Qxa7 Rxb2 31. a4 Rd8 32. a5 Rdd2 33. e4 Rd1+ 34. Kh2 Rbb1 35. a6 Rh1+ 36. Kg3 Rb3+ 37. f3 Rc1 38. Qa8 Rc2 39. a7 Rbb2 40. Qg8+ Kh6 41. Kf4 Rxg2 42. Qf8+ Kg6 43. Qg8+ Kh6 44. Qxg2 Rxg2 45. a8=Q f5 46. Qh8+ Kg6 47. Qg8+ Kh5 48. Qxg2 fxe4 49. Qg5# 1-0


[Site "https://www.chess.com"]

[Event "Titled Tuesday Blitz May 24 Late 2022"]
[White "Przybylski, Wojciech"]
[Black "Prieto Aranguren, Alain"]
[WhiteFideId "1117599"]
[BlackFideId "2268906"]
[WhiteElo "2133"]
[BlackElo "2235"]
[Result "0-1"]
[Round "04"]
[TimeControl "180+1"]
[Date "2022.05.25"]
[WhiteClock "0:00:01"]
[BlackClock "0:00:11"]

1. d4 d5 2. Nf3 Nf6 3. g3 Ne4 4. Bg2 Nd7 5. O-O Ndf6 6. Ne5 e6 7. c4 c6 8. c5 h5 9. f3 Nxc5 10. dxc5 Bxc5+ 11. Kh1 h4 12. g4 h3 13. Bf4 hxg2+ 14. Kxg2 Bd6 15. Bg3 Qc7 16. Nd3 Bxg3 17. hxg3 e5 18. Rh1 Rxh1 19. Qxh1 e4 20. Qh8+ Ke7 21. Nf2 exf3+ 22. exf3 Qe5 23. Nc3 Qe3 24. Qh1 Be6 25. Re1 Qb6 26. g5 Nd7 27. g6 fxg6 28. Qh4+ Kf7 29. Qf4+ Nf6 30. Nd3 Re8 31. b4 Kg8 32. Nc5 Bf7 33. Rh1 a5 34. a3 axb4 35. axb4 g5 36. Qd4 g4 37. fxg4 Ne4 38. N3xe4 Rxe4 39. Qd2 Rxb4 40. Nd3 Rb3 41. Qf4 Qd8 42. Rf1 Bg6 43. Nc5 Rb2+ 44. Kh3 Kh7 45. Ne6 Qh8 46. g5 Kg8+ 47. Qh4 Qxh4+ 48. gxh4 Rd2 49. Kg4 d4 50. h5 Bf7 0-1


[Site "https://www.chess.com"]